 Dungeon Crawl Stone Soup version 0.28-a0-1199-gef9e1dbd39 (webtiles) character file.

Game seed: 3519162383815366071

2281 freelancePsychic the Magician (level 9, -2/65 HPs)
             Began as a Demonspawn Wanderer on Dec 20, 2021.
             Was a Believer of Vehumet.
             Slain by a killer bee (6 damage)
             ... on level 8 of the Dungeon.
             The game lasted 00:22:48 (11433 turns).

freelancePsychic the Magician (DsWn)               Turns: 11433, Time: 00:22:49

Health: -2/65      AC:  5    Str: 14    XL:     9   Next: 16%
Magic:  16/16      EV: 11    Int: 17    God:    Vehumet [**....]
Gold:   109        SH:  0    Dex: 12    Spells: 14/18 levels left

rFire   + . .      SeeInvis .   d - +1 dagger (venom)
rCold   . . .      Faith    .   (no shield)
rNeg    . . .      Spirit   .   c - +0 leather armour
rPois   +          Reflect  .   (helmet restricted)
rElec   .          Harm     .   (no cloak)
rCorr   .          Rampage  .   (no gloves)
Will    .....                   (no boots)
Stlth   ++........              (no amulet)
HPRegen 0.20/turn               g - ring of protection from fire
MPRegen 0.15/turn               x - ring of poison resistance

@: lethally poisoned (-2 -> -6), hasted, very quick
A: antennae 2, icy blue scales 1, ignite blood 1, demonic magic 1
a: Renounce Religion


You were on level 8 of the Dungeon.
You worshipped Vehumet.
Vehumet was pleased with you.
You visited 1 branch of the dungeon, and saw 8 of its levels.
You also visited: Ossuary.

You collected 334 gold pieces.
You spent 225 gold pieces at shops.

Inventory:

Hand Weapons
 a - a +1 shortbow
 d - a +1 dagger of venom (weapon)
Missiles
 b - 99 arrows
 v - a throwing net (quivered)
Armour
 c - a +0 leather armour (worn)
 i - a +0 helmet
 t - a +1 buckler of protection
Jewellery
 g - a ring of protection from fire (left hand)
 m - a +4 ring of evasion
 n - the ring of Umouptil {rC+ Dex+4}
   (You took it off a kobold on level 4 of the Dungeon)

   [ring of protection from cold]

   Dex:       It affects your dexterity (+4).
   rC:        It protects you from cold.
 u - a +4 ring of slaying
 x - a ring of poison resistance (right hand)
Wands
 l - a wand of flame (19)
Scrolls
 e - a scroll of holy word
 f - 5 scrolls of identify {@r1}
 h - 2 scrolls of immolation
 j - a scroll of enchant armour
 o - a scroll of noise
 p - 2 scrolls of magic mapping
 q - a scroll of torment {unknown}
 r - a scroll of blinking
Potions
 k - 2 potions of mutation


   Skills:
 - Level 4.2 Fighting
 - Level 5.0 Short Blades
 - Level 1.2 Bows
 - Level 1.9 Stealth
 * Level 2.6 Shields
 + Level 5.2 Spellcasting
 + Level 2.9 Conjurations
 - Level 3.6 Translocations
 - Level 2.8 Transmutations
 - Level 3.4 Fire Magic
 + Level 4.4 Poison Magic
 - Level 1.0 Evocations


You had 14 spell levels left.
You knew the following spells:

 Your Spells              Type           Power      Damage    Failure   Level
a - Apportation           Tloc           32%        N/A       4%          1
b - Ignite Poison         Fire/Tmut/Pois 16%        N/A       12%         3

Your spell library contained the following spells:

 Spells                   Type           Power      Damage    Failure   Level
 Foxfire                  Conj/Fire      60%        2x1d7     4%          1
 Beastly Appendage        Tmut           28%        N/A       5%          1
 Magic Dart               Conj           56%        1d5       5%          1
 Gell's Gravitas          Tloc           16%        N/A       12%         3
 Lesser Beckoning         Tloc           16%        N/A       12%         3
 Teleport Other           Tloc           16%        N/A       12%         3
 Animate Skeleton         Necr           8%         N/A       19%         1
 Summon Small Mammal      Summ           16%        N/A       19%         1
 Mephitic Cloud           Conj/Pois/Air  12%        N/A       19%         3
 Call Imp                 Summ           4%         N/A       26%         2
 Portal Projectile        Hex/Tloc       20%        N/A       26%         3
 Yara's Violent Unravell  Hex/Tmut       4%         3d4       95%         5


Dungeon Overview and Level Annotations

Branches:
Dungeon (8/15)             Temple (0/1) D:7         Ossuary (visited)
   Lair: D:8-11

Altars:
Ashenzari
Dithmenos
Elyvilon
Gozag
Hepliaklqana
Kikubaaqudgha
Uskayaw
Vehumet
Zin

Shops:
D:5 !   D:6 ?

Annotations:
D:2 1 runed translucent door, Crazy Yiuf
D:3 2 transporters, Natasha; lonewolfV2's ghost, amateur DrFE
D:6 Maggie


Innate Abilities, Weirdness & Mutations

You have a pair of antennae on your head.
You are partially covered in icy blue scales. (AC +2)
Your demonic aura sometimes causes spilled blood to erupt in flames.
Spells you cast may paralyse adjacent enemies.


Message History

You feel better. The killer bee misses you. The killer bee stings you!
* * * LOW HITPOINT WARNING * * *
You are poisoned.
The killer bee poisons you!
You feel sick.
You feel better. The killer bee stings you.
* * * LOW HITPOINT WARNING * * *
You see here a necrophage corpse.
The orc priest looks satisfied for a moment.
The killer bee stings you but does no damage.
The killer bee misses you.
You hit the killer bee.
The killer bee is moderately wounded.
The killer bee stings you but does no damage.
The killer bee closely misses you.
You hit the killer bee.
The killer bee is moderately wounded.
The killer bee barely misses you.
You closely miss the killer bee.
The killer bee is moderately wounded.
The killer bee closely misses you. The killer bee stings you.
* * * LOW HITPOINT WARNING * * *
You are poisoned.
The killer bee poisons you!
It was a potion of haste.
You feel yourself speed up.
You feel sick. The killer bee stings you.
* * * LOW HITPOINT WARNING * * *
The killer bee closely misses you.
Okay, then.
You miss the killer bee.
The killer bee is moderately wounded.
* * * LOW HITPOINT WARNING * * *
You feel sick.
The killer bee stings you but does no damage.
You barely miss the killer bee.
The killer bee is moderately wounded.
* * * LOW HITPOINT WARNING * * *
You feel sick. The killer bee stings you.
You die...

.. ........o##......##.# #..
###.###.o.#...#...#.#
#..####.....#)#...# ..#.#
##........###.##..# #...# #
..............{...###...##.#
...........#..o...##.....#.#
........##...#.{o.##.....#.#####
..........#.####y.....#<........
.......)#......@####...........#
........#######......###.#.###..
......>.# #########.....#
........# #.....# #########
#.....# #..(..# #.....# #.....#
#.....#


You could see a killer bee and an orc priest.

Vanquished Creatures
  2 water moccasins
  A sky beast (D:6)
  2 orc warriors
  A black bear (D:4)
  A necrophage (D:8)
  2 ogres (D:5)
  A centaur (D:6)
  A bullfrog (D:7)
  3 scorpions
  A wyvern skeleton (D:7)
  2 water moccasin skeletons (D:5)
  3 killer bees (D:8)
  2 bullfrog zombies
  2 centaur zombies
  2 hounds (D:5)
  3 orc priests
  A jelly (D:7)
  A scorpion zombie (D:5)
  7 orc wizards
  Natasha (twice) (D:3)
  11 adders
  4 gnolls
  A shadow imp (D:5)
  A white imp (D:7)
  An adder zombie (Ossuary)
  A dart slug (D:1)
  28 orcs
  5 ball pythons
  3 endoplasms
  4 giant cockroaches
  5 goblins
  10 hobgoblins
  7 jackals
  6 quokkas
  11 kobolds
  7 rats
145 creatures vanquished.

Notes
Turn   | Place    | Note
-------+----------+-------------------------------------------
     0 | D:1      | freelancePsychic the Demonspawn Wanderer began the quest
                  | for the Orb.
     0 | D:1      | freelancePsychic set off with the following items: a +1
                  | shortbow, 23 arrows, a +0 leather armour; and the following
                  | spell memorised: Apportation; and the following spells
                  | available to memorise: Teleport Other, Portal Projectile
     0 | D:1      | Reached XP level 1. HP: 15/15 MP: 4/4
   398 | D:1      | Gained mutation: Spells you cast may paralyse adjacent
                  | enemies. [demonic ancestry]
   398 | D:1      | Reached XP level 2. HP: 21/21 MP: 6/6
   837 | D:1      | Reached skill level 1 in Short Blades
   957 | D:1      | Found a faded altar of an unknown god.
  1754 | D:2      | Found a runed translucent door.
  1755 | D:2      | Noticed Crazy Yiuf
  1794 | D:2      | Gained mutation: Your demonic aura sometimes causes spilled
                  | blood to erupt in flames. [demonic ancestry]
  1794 | D:2      | Reached XP level 3. HP: 25/27 MP: 7/7
  2205 | D:2      | Reached skill level 1 in Stealth
  3110 | D:3      | Reached XP level 4. HP: 30/33 MP: 8/8
  3231 | D:3      | Found an ancient bone altar of Kikubaaqudgha.
  3464 | D:3      | Noticed Natasha
  3524 | D:3      | Killed Natasha
  3859 | D:3      | Noticed Natasha
  3890 | D:3      | Found a transporter.
  3891 | D:3      | Noticed lonewolfV2's ghost (amateur DrFE)
  3891 | D:3      | Noticed an ogre
  3892 | D:3      | Noticed an ogre
  3893 | D:3      | Noticed an ogre
  3896 | D:3      | Found a transporter.
  4243 | D:3      | Killed Natasha
  4244 | D:3      | Reached XP level 5. HP: 24/39 MP: 9/9
  4371 | D:4      | Identified a scroll of acquirement
  4372 | D:4      | Acquired Baeg's Grimoire of Orientation and Shape Shifting
  4378 | D:4      | Learned a level 3 spell: Ignite Poison
  4500 | D:4      | Noticed a water moccasin
  4524 | D:4      | Killed a water moccasin
  4846 | D:4      | Reached skill level 1 in Transmutations
  4846 | D:4      | Reached skill level 1 in Fire Magic
  4846 | D:4      | Reached skill level 1 in Poison Magic
  4846 | D:4      | Gained mutation: You are partially covered in icy blue
                  | scales. (AC +2) [demonic ancestry]
  4846 | D:4      | Reached XP level 6. HP: 42/47 MP: 10/10
  5061 | D:4      | Found a radiant altar of Vehumet.
  5108 | D:4      | Became a worshipper of Vehumet
  5444 | D:4      | Identified the ring of Umouptil {rC+ Dex+4}
  5834 | D:5      | Entered Level 5 of the Dungeon
  6232 | D:5      | Gained mutation: You have a pair of small antennae on your
                  | head. [demonic ancestry]
  6232 | D:5      | Reached XP level 7. HP: 33/52 MP: 12/12
  6249 | D:5      | Found a sand-covered staircase.
  6254 | Ossuary  | Entered an ossuary
  6840 | D:5      | Found a hazy altar of Hepliaklqana.
  6840 | D:5      | Found an opulent altar of Gozag.
  6979 | D:5      | Found a hide-covered altar of Uskayaw.
  7911 | D:5      | Found Qeonoum's Distillery.
  7917 | D:5      | Bought a potion of heal wounds for 75 gold pieces
  7917 | D:5      | Bought a potion of might for 60 gold pieces
  8394 | D:3      | Noticed Natasha
  8466 | D:5      | Reached * piety under Vehumet
  8466 | D:5      | Offered knowledge of Shock by Vehumet.
  8627 | D:6      | Found Did Uruo's Magic Scroll Boutique.
  8632 | D:6      | Gained mutation: You have a pair of antennae on your head.
                  | [demonic ancestry]
  8632 | D:6      | Reached XP level 8. HP: 56/60 MP: 6/14
  9037 | D:6      | Reached skill level 5 in Short Blades
  9369 | D:6      | Reached skill level 1 in Conjurations
  9886 | D:6      | Bought a scroll of blinking for 90 gold pieces
  9891 | D:6      | Found a broken altar of Ashenzari.
  9906 | D:6      | Acquired a +1 buckler of protection
 10016 | D:6      | Noticed Maggie
 10124 | D:6      | Found a shadowy altar of Dithmenos.
 10642 | D:7      | Found a staircase to the Ecumenical Temple.
 10674 | D:7      | Identified the +5 hunting sling of Nulie {freeze, rElec
                  | rPois Stlth-}
 10715 | D:7      | Reached skill level 1 in Shields
 10802 | D:7      | Offered knowledge of Foxfire by Vehumet.
 10803 | D:7      | Reached skill level 5 in Spellcasting
 10967 | D:7      | Reached ** piety under Vehumet
 10968 | D:7      | Reached XP level 9. HP: 62/65 MP: 13/16
 11433 | D:8      | Slain by a killer bee

Illustrated notes

Levels and vault maps discovered:
D:1:      dpeg_arrival_pits, layout_loops_corners,
          shapermc_ecumenical_altar_notcrosses, nrook_loot_triangle,
          minmay_nonomino_d4
D:2:      layout_basic, uniq_crazy_yiuf_cottage
D:3:      layout_basic, mainiacjoe_overflow_brackets, gammafunk_ghost_smash,
          minmay_misc_feat_room, eino_tiny_chamber, uniq_natasha
D:4:      layout_loops_corners, vehumet_altar_wand_db,
          minmay_goblin_kobold_house
D:5:      layout_loops_ring, nicolae_uskayaw_suspiria,
          chequers_temple_overflow_statue_of_worship, portal_sewer_entry_d,
          serial_shops, kennysheep_little_box,
          nicolae_ossuary_entry_false_entrances
D:6:      layout_rooms, mainiacjoe_overflow_alcove_2,
          nicolae_ashenzari_skybound, serial_shops, shop, uniq_maggie
D:7:      layout_cave_pools, mainiacjoe_overflow_surrounded_room,
          minmay_temple_entry_mini_moons
D:8:      layout_rooms, old_standard_altar, uniq_joseph

Skill      XL: |  1  2  3  4  5  6  7  8  9 |
---------------+----------------------------+-----
Short Blades   | 1 2 3 4 5 |  5.0
Fighting       | 2 3 4 |  4.2
Stealth        | 1 |  1.9
Transmutations | 1 2 |  2.8
Fire Magic     | 1 2 3 |  3.4
Poison Magic   | 1 2 4 |  4.4
Spellcasting   | 4 5 |  5.2
Conjurations   | 2 |  2.9
Shields        | 1 2 |  2.6
Bows           | |  1.2
Translocations | |  3.6
Evocations     | |  1.0

Action                   |  1- 3 |  4- 6 |  7- 9 || total
-------------------------+-------+-------+-------++-------
Melee: Dagger            |   133 |   197 |   289 ||   619
 Fire: Shortbow          |     9 |       |       ||     9
 Cast: Ignite Poison     |       |     1 |    34 ||    35
  Use: Potion            |       |     2 |     5 ||     7
       Scroll            |       |    11 |     3 ||    14
 Stab: Sleeping          |     2 |     2 |       ||     4
       Paralysed         |       |       |    10 ||    10
Armor: Leather armour    |    34 |    57 |    98 ||   189
       Skin              |       |     5 |       ||     5
Dodge: Dodged            |    64 |    79 |   186 ||   329

Table legend: (Time is in decaauts)
 A = Elapsed time spent in this place.
 B = Non-inter-level travel time spent in this place.
 C = Inter-level travel time spent in this place.
 D = Time resting spent in this place.
 E = Time spent auto-exploring this place.
 F = Levels seen in this place.
 G = Mean time per level.
                   A        B        C        D        E       F      G
               +--------+--------+--------+--------+--------+-----+--------+
         Total |  11342 |  10914 |    428 |   2059 |   7025 |   9 | 1260.2 |
       Dungeon |  11257 |  10829 |    428 |   2059 |   7025 |   8 | 1407.1 |
       Ossuary |     84 |     84 |      0 |      0 |      0 |   1 |   84.0 |
               +--------+--------+--------+--------+--------+-----+--------+

Top non-repeatable levels by time:
     D:5: 3162 daAuts
     D:4: 1797 daAuts
     D:1: 1727 daAuts
     D:3: 1626 daAuts
     D:2: 1114 daAuts
     D:6: 942 daAuts
     D:7: 792 daAuts
     D:8: 95 daAuts
 Ossuary: 84 daAuts
